 Dungeon Crawl Stone Soup version 0.29-a0-648-g6b26cc9f40 (webtiles) character file.

Game seed: 10550462672281698139

502 benitares the Chopper (level 7, -7/70 HPs)
             Began as an Ogre Fighter on June 20, 2022.
             Was an Initiate of Okawaru.
             Mangled by a gnoll
             ... wielding a +0 halberd
             ... led by a gnoll sergeant
              (14 damage)
             ... on level 5 of the Dungeon.
             The game lasted 00:08:20 (4956 turns).

benitares the Chopper (Ogre Fighter)                Turns: 4956, Time: 00:08:20

Health: -7/70      AC:  3    Str: 23    XL:     7   Next: 17%
Magic:  8/8        EV:  8    Int:  9    God:    Okawaru [......]
Gold:   261        SH:  8    Dex:  8    Spells: 6/6 levels left

rFire   . . .      SeeInvis .   a - +0 war axe (freeze)
rCold   . . .      Faith    .   c - +0 kite shield
rNeg    . . .      Spirit   .   b - +0 robe
rPois   .          Reflect  .   (helmet restricted)
rElec   .          Harm     .   (no cloak)
rCorr   .          Rampage  .   (gloves unavailable)
Will    .....                   (boots unavailable)
Stlth   +.........              (no amulet)
HPRegen 0.21/turn               (no ring)
MPRegen 0.11/turn               (no ring)

@: mighty
A: large, unfitting armour, tough skin 1
a: Renounce Religion


You were on level 5 of the Dungeon.
You worshipped Okawaru.
Okawaru was noncommittal.
You visited 1 branch of the dungeon, and saw 5 of its levels.
You also visited: Ossuary.

You collected 261 gold pieces.

Inventory:

Hand Weapons
 a - a +0 war axe of freezing (weapon)
Armour
 b - a +0 robe (worn)
 c - a +0 kite shield (worn)
Jewellery
 g - a ring of flight
 r - an amulet of magic regeneration
Wands
 q - a wand of light (5)
Scrolls
 f - a scroll of torment
 i - a scroll of fog {unknown}
 l - a scroll of fear
 n - a scroll of teleportation {unknown}
 t - a scroll of poison {unknown}
Potions
 d - a potion of might
 e - 2 potions of heal wounds {unknown}
 h - a potion of haste
 j - a potion of attraction
 k - a potion of resistance
 m - a potion of cancellation
 o - 10 potions of curing {unknown}
 p - a potion of ambrosia {unknown}
 s - 2 potions of lignification {unknown}
 u - a potion of flight {unknown}
 w - a potion of brilliance {unknown}


   Skills:
 - Level 4.0 Fighting
 * Level 5.9 Axes
 - Level 2.6 Dodging
 + Level 4.9 Shields
 + Level 2.3 Invocations


You had 6 spell levels left.
You didn't know any spells.
Your spell library was empty.

Dungeon Overview and Level Annotations

Branches:
Dungeon (5/15)             Temple (0/1) D:5         Ossuary (visited)

Altars:
Ashenzari
Cheibriados
Dithmenos
Elyvilon
Hepliaklqana
Makhleb
Okawaru
Uskayaw


Innate Abilities, Weirdness & Mutations

You are too large for most types of armour.
You have tough skin. (AC +1)


Message History

An adder is nearby!
A gnoll comes into view. It is wielding a +0 halberd.
Found a scroll of fear.
The adder hisses angrily.
The gnoll shouts!
A gnoll sergeant comes into view.
It is wielding a +0 trident. 2 gnolls come into view.
The gnoll sergeant shouts!
The gnoll shouts!
The gnoll moves out of view.
Okay, then.
The gnoll shouts!
You hear a shout! x2
You barely miss the gnoll. You block the gnoll's attack. The adder bites you.
The gnoll hits you with a +0 halberd!
You slash the adder! You freeze the adder.
You kill the adder!
Okawaru accepts your kill.
You closely miss the gnoll. The gnoll hits you with a +0 halberd!
You hit the gnoll. You freeze the gnoll.
The gnoll is moderately wounded.
The gnoll closely misses you.
You slash the gnoll! You freeze the gnoll.
The gnoll is almost dead.
The gnoll hits you with a +0 halberd!
You closely miss the gnoll sergeant.
The gnoll sergeant hits you with a +0 trident!
* * * LOW HITPOINT WARNING * * *
You feel very mighty all of a sudden. The gnoll sergeant barely misses you.
You hit the gnoll sergeant. You freeze the gnoll sergeant.
The gnoll sergeant is lightly wounded.
You block the gnoll sergeant's attack. The gnoll sergeant blocks your attack.
The gnoll sergeant is lightly wounded.
You block the gnoll sergeant's attack. You block the gnoll's attack.
The gnoll sergeant hits you with a +0 trident!
* * * LOW HITPOINT WARNING * * *
The gnoll sergeant blocks your attack.
The gnoll sergeant is lightly wounded.
You block the gnoll sergeant's attack.
The gnoll hits you from afar with a +0 halberd!
You die...

,..#.#.#.#.#.#.#...#....<.......,
,...#.#.#.#.#.##.#..............,
,,.#.#.#.#.#.#...##.............,
,,,.#.#.#.#.#.#...##............,
****,#.#.#.#.#...##..###........,
,**,*.#.#.#.#.##...$.#*.........*
,,,*,*.#.#.#.#g..##..#*.........*
,,,,*,#.#.#.#.#g..##....###.....,
,,,*,*.#.#.#.#g#@.......?,,,,,,,,
,,*,*,*.#.#,#.###........,,,,,,,,
***,,*,,..,...**,........,,,,,,,,
**,,,,,,,,.g.,,**........,,,,,,,,
,*,,,,,*,...,,,*,.###...,,,,,*,,,
,<,,,>**,...,,,,,..,,.#.*,,,,**,,
,,***,,,,,,,,**,,..,,,#,**,,,,,,,
,,*,,,,,,,,,,**,,..,,,,,**,,,,,,*
,,,,,,,,,,,,,,*,,,,,,,,,,**,,,,,,


You could see a gnoll sergeant and a gnoll.

Vanquished Creatures
  2 scorpions (D:4)
  2 hounds
  An orc priest (D:3)
  2 iguanas (D:4)
  An orc wizard (D:3)
  A mummy (Ossuary)
  9 adders
  2 worms
  6 dart slugs
  10 orcs
  2 spectral bats (Ossuary)
  5 ball pythons
  3 endoplasms (D:2)
  A giant cockroach (D:4)
  12 gnoll zombies (Ossuary)
  3 hobgoblins
  3 quokkas
  4 bats
  A bat simulacrum (Ossuary)
  3 frilled lizards
  3 goblins
  5 goblin simulacra (Ossuary)
  A goblin zombie (Ossuary)
  5 hobgoblin zombies (Ossuary)
  2 kobolds
  3 kobold simulacra (Ossuary)
  8 kobold zombies (Ossuary)
  4 orc zombies (Ossuary)
  3 rats (D:2)
  2 rat simulacra (Ossuary)
  4 spectral goblins (Ossuary)
  3 spectral kobolds (Ossuary)
  3 spectral rats (Ossuary)
119 creatures vanquished.

Vanquished Creatures (others)
  A plant (D:2)
1 creature vanquished.

Grand Total: 120 creatures vanquished

Notes
Turn   | Place    | Note
-------+----------+-------------------------------------------
     0 | D:1      | benitares the Ogre Fighter began the quest for the Orb.
     0 | D:1      | Reached XP level 1. HP: 24/24 MP: 1/1
   652 | D:1      | Reached XP level 2. HP: 23/32 MP: 2/2
  1070 | D:2      | Reached skill level 3 in Axes
  1077 | D:2      | Reached XP level 3. HP: 39/39 MP: 3/3
  1228 | D:2      | Reached XP level 4. HP: 35/48 MP: 4/4
  1855 | D:3      | Reached skill level 4 in Axes
  1860 | D:3      | Reached XP level 5. HP: 49/54 MP: 5/5
  2131 | D:3      | Found a faded altar of an unknown god.
  2343 | D:3      | Found a shadowy altar of Dithmenos.
  2343 | D:3      | Noticed a shadow
  2348 | D:3      | Found a hazy altar of Hepliaklqana.
  2643 | D:4      | Found a hide-covered altar of Uskayaw.
  2644 | D:4      | Found a white marble altar of Elyvilon.
  2645 | D:4      | Found a burning altar of Makhleb.
  2646 | D:4      | Found an iron altar of Okawaru.
  2652 | D:4      | Became a worshipper of Warmaster Okawaru
  2664 | D:4      | Reached skill level 5 in Axes
  2755 | D:4      | Found a broken altar of Ashenzari.
  2755 | D:4      | Found a snail-covered altar of Cheibriados.
  2782 | D:4      | Reached skill level 1 in Invocations
  2782 | D:4      | Reached XP level 6. HP: 60/62 MP: 6/6
  4031 | D:5      | Entered Level 5 of the Dungeon
  4069 | D:5      | Reached XP level 7. HP: 29/70 MP: 8/8
  4261 | D:5      | Found a sand-covered staircase.
  4270 | Ossuary  | Entered an ossuary
  4956 | D:5      | Mangled by a gnoll

Illustrated notes

Levels and vault maps discovered:
D:1:      dpeg_arrival_arbitrary_a, layout_loops_ring, st_stairs_3
D:2:      layout_rooms, dk_vineyard_2, serial_bayou_ford_a, minmay_heptomino_o4
D:3:      layout_loops_ring, riverfiend_overflow_shadow_ancestor,
          ebering_ecumenical_altar_webs, minmay_misc_feat_iff, minivault_23
D:4:      layout_layer_cave, chequers_temple_overflow_statue_of_worship,
          gammafunk_temple_overflow_elements, chequers_serial_rivers_micro_a,
          kennysheep_dice
D:5:      layout_cave_pools, nicolae_qazlal_scattered_showers,
          minmay_temple_entry_nine_rooms, nicolae_ossuary_entry_monument,
          minivault_23, hangedman_decor_points, nicolae_underground_beach,
          uniq_pikel, uniq_edmund

Skill      XL: |  1  2  3  4  5  6 |
---------------+-------------------+-----
Axes           | 3 4 5 |  5.9
Shields        | 4 |  4.9
Invocations    | 1 2 |  2.3
Fighting       | |  4.0
Dodging        | |  2.6

Action                   |  1- 3 |  4- 6 |  7- 9 || total
-------------------------+-------+-------+-------++-------
Melee: War axe           |    65 |   129 |   115 ||   309
Throw: Throwing net      |       |     2 |       ||     2
Evoke: Wand              |       |     2 |       ||     2
  Use: Scroll            |       |     7 |     1 ||     8
       Potion            |       |       |     1 ||     1
Armor: Robe              |    27 |    32 |    31 ||    90
Dodge: Dodged            |    21 |    30 |    32 ||    83
Block: Kite shield       |    32 |    49 |    29 ||   110

Table legend: (Time is in decaauts)
 A = Elapsed time spent in this place.
 B = Non-inter-level travel time spent in this place.
 C = Inter-level travel time spent in this place.
 D = Time resting spent in this place.
 E = Time spent auto-exploring this place.
 F = Levels seen in this place.
 G = Mean time per level.
                   A        B        C        D        E       F      G
               +--------+--------+--------+--------+--------+-----+--------+
         Total |   5081 |   4996 |     85 |    167 |   4031 |   6 |  846.8 |
       Dungeon |   4407 |   4322 |     85 |    167 |   3588 |   5 |  881.4 |
       Ossuary |    674 |    674 |      0 |      0 |    443 |   1 |  674.0 |
               +--------+--------+--------+--------+--------+-----+--------+

Top non-repeatable levels by time:
     D:4: 1675 daAuts
     D:1: 904 daAuts
     D:3: 781 daAuts
     D:2: 753 daAuts
 Ossuary: 674 daAuts
     D:5: 291 daAuts
